 Dungeon Crawl Stone Soup version 0.27.1-1-g398f81649c (webtiles) character file.

Game seed: 14242013628575054486

122 ZARRMARR the Conjurer (level 5, -6/33 HPs)
             Began as an Octopode Conjurer on Sept 10, 2021.
             Mangled by Grinder (8 damage)
             ... while paralysed by Grinder
             ... on level 3 of the Dungeon.
             The game lasted 00:06:22 (2895 turns).

ZARRMARR the Conjurer (Octopode Conjurer)           Turns: 2895, Time: 00:06:22

Health: -6/33      AC:  1    Str:  6    XL:     5   Next: 6%
Magic:  5/8        EV:  2    Int: 21    God:
Gold:   110        SH:  0    Dex: 11    Spells: 6/9 levels left

rFire    . . .     SeeInvis .   b - +0 dagger
rCold    . . .     Faith    .   (no shield)
rNeg     . . .     Spirit   .   (helmet restricted)
rPois    .         Reflect  .   (no amulet)
rElec    .         Harm     .   (no ring)
rCorr    .         Rampage  .   (no ring)
Will     .....                  (no ring)
Stlth    +++.......             (no ring)
HPRegen  0.11/turn              (no ring)
MPRegen  0.11/turn              (no ring)
                                (no ring)
                                (no ring)

@: paralysed
A: almost no armour, amphibious, 8 rings, camouflage 1, gelatinous body 1,
(nimble swimmer 1), tentacles
a: no special abilities


You were on level 3 of the Dungeon.
You visited 1 branch of the dungeon, and saw 3 of its levels.

You collected 110 gold pieces.

Inventory:

Hand Weapons
 b - a +0 dagger (weapon)
Missiles
 f - 2 throwing nets
Magical Staves
 c - a staff of air
Wands
 i - a wand of mindburst (5)
Scrolls
 a - a scroll of teleportation
 d - 2 scrolls of magic mapping {unknown}
 h - a scroll of noise {unknown}
Potions
 e - a potion of invisibility {unknown}
 g - a potion of degeneration {unknown}


   Skills:
 + Level 1.4 Fighting
 + Level 1.5 Short Blades
 + Level 2.7 Dodging
 + Level 3.9 Stealth
 + Level 2.6 Spellcasting
 + Level 4.3 Conjurations


You had 6 spell levels left.
You knew the following spells:

 Your Spells              Type           Power      Damage    Failure   Level
a - Magic Dart            Conj           84%        1d7       2%          1
b - Searing Ray           Conj           42%        3d4       3%          2

Your spell library contained the following spells:

 Spells                   Type           Power      Damage    Failure   Level
 Dazzling Flash           Conj/Hex       22%        N/A       17%         3
 Fulminant Prism          Conj/Hex       5%         3d7       50%         4
 Iskenderun's Mystic Bla  Conj/Tloc      11%        2d4       50%         4


Dungeon Overview and Level Annotations

Branches:
Dungeon (3/15)

Altars:

Shops:
D:1 [

Annotations:
D:3 Grinder


Innate Abilities, Weirdness & Mutations

You cannot wear most types of armour.
You are amphibious.
You can wear up to eight rings at the same time.
Your skin changes colour to match your surroundings (Stealth+).
Your rubbery body absorbs attacks. (AC +1, EV +1)
((You are camouflaged near water. (Stealth+)))
You have tentacles for arms and can constrict up to eight enemies at once.


Message History

There is a stone staircase leading down here.
Grinder comes into view.
Unknown command.
Press: ? - help, v - describe, . - travel
Here: Grinder (asleep)
The floor.
Unknown command.
Unknown command.
The helpless Grinder fails to defend herself.
You puncture Grinder! Your grab misses Grinder.
Grinder is moderately wounded.
Grinder misses you.
You barely miss Grinder. You grab Grinder.
Grinder is moderately wounded.
You constrict Grinder. Grinder hits you.
You writhe in agony.
Casting: Searing Ray (safe; 3% risk of failure)
Confirm with . or Enter, or press ? or * to list all spells.
Aiming: Searing Ray (safe; 3% risk of failure)
Press: ? - help, Shift-Dir - straight line, f - Grinder
Aim: Grinder (moderately wounded, constricted by you, 98% to hit)
The searing ray hits Grinder!
Grinder is heavily wounded. (Press . to maintain the ray.)
You constrict Grinder, but do no damage.
Grinder hits you.
You writhe in agony.
The searing ray hits Grinder.
Grinder is severely wounded.
You constrict Grinder. Grinder gestures at you.
You suddenly lose the ability to move!
You lose your grip on Grinder.
Grinder gestures at you.
You barely resist. Grinder hits you.
* * * LOW HITPOINT WARNING * * *
Grinder hits you.
* * * LOW HITPOINT WARNING * * *
You writhe in agony.
* * * LOW HITPOINT WARNING * * *
Grinder hits you!
You die...

#.#######.###..... #
..........###### #######.#.#
#.#.# ..#.# #########.# #
#.........# #.###.##############
#.5@..# #......
##############.#####
#...................
#############.############.#####
#.................# #.......
#.###########..##.# #..####.
#...[.............# #..#####
#############.##### #....... #.#
#.######


You could see Grinder.

Vanquished Creatures
  6 adders
  A dart slug (D:2)
  5 orcs (D:3)
  4 ball pythons
  3 endoplasms (D:1)
  5 giant cockroaches
  4 goblins
  5 hobgoblins
  2 jackals (D:2)
  3 quokkas
  6 bats
  2 frilled lizards (D:2)
  4 kobolds
  10 rats
60 creatures vanquished.

Notes
Turn   | Place    | Note
-------+----------+-------------------------------------------
     0 | D:1      | ZARRMARR the Octopode Conjurer began the quest for the Orb.
     0 | D:1      | Reached XP level 1. HP: 11/11 MP: 3/3
    36 | D:1      | Found Gucamit's Antique Armour Shoppe.
   220 | D:1      | Reached XP level 2. HP: 15/18 MP: 0/5
   279 | D:1      | Found a faded altar of an unknown god.
   804 | D:2      | Reached XP level 3. HP: 22/22 MP: 3/6
  1401 | D:2      | Reached skill level 1 in Short Blades
  1465 | D:2      | Reached skill level 1 in Fighting
  1664 | D:2      | You fall into a shaft and drop 1 floor!
  1718 | D:3      | Reached XP level 4. HP: 20/28 MP: 2/7
  2024 | D:2      | Learned a level 2 spell: Searing Ray
  2537 | D:3      | Reached XP level 5. HP: 33/33 MP: 1/8
  2885 | D:3      | Noticed Grinder
  2891 | D:3      | Paralysed by Grinder for 6 turns
  2894 | D:3      | HP: 1/33 [Grinder (4)]
  2895 | D:3      | Mangled by Grinder

Illustrated notes

Levels and vault maps discovered:
D:1:      minmay_arrival_glassed_features, layout_rooms,
          dreamdust_ecumenical_altar_statues, serial_shops, shop_statue
D:2:      layout_loops_cross
D:3:      layout_basic, ebering_ghost_rock_garden, uniq_grinder

Skill      XL: |  1  2  3 |
---------------+----------+-----
Stealth        | 3 |  3.9
Short Blades   | 1 |  1.5
Fighting       | 1 |  1.4
Dodging        | |  2.7
Spellcasting   | |  2.6
Conjurations   | |  4.3

Action                   |  1- 3 |  4- 6 || total
-------------------------+-------+-------++-------
Melee: Dagger            |    29 |     6 ||    35
       Tentacles         |     6 |       ||     6
       Constrict         |     7 |     3 ||    10
 Cast: Magic Dart        |    75 |    24 ||    99
       Searing Ray       |       |     3 ||     3
  Use: Scroll            |     1 |     1 ||     2
 Stab: Sleeping          |       |     1 ||     1
Armor: Skin              |     6 |     1 ||     7
Dodge: Dodged            |    24 |     8 ||    32
